 Dungeon Crawl Stone Soup version 0.31.0-32-g396128a36d (webtiles) character file.

Game seed: 15520176726267209250

91 PaiMei the Gusty (level 4, -5/24 HPs)
             Began as a Tengu Air Elementalist on Mar 18, 2024.
             Slain by an iguana (10 damage)
             ... on level 3 of the Dungeon.
             The game lasted 00:01:53 (1902 turns).

PaiMei the Gusty (Tengu Air Elementalist)           Turns: 1902, Time: 00:01:54

Health: -5/24      AC:  2    Str:  8    XL:     4   Next: 57%
Magic:  2/8        EV: 13    Int: 18    God:
Gold:   64         SH:  5    Dex: 20    Spells: 7/8 levels left

rFire   . . .        i - +3 mace
rCold   . . .        (no shield)
rNeg    . . .        a - +0 robe
rPois   .            (helmet restricted)
rElec   .            (no cloak)
rCorr   .            (no gloves)
SInv    .            (boots unavailable)
Will    .....        g - amulet of reflection
Stlth   +++          c - +6 ring of dexterity
HPRegen 0.24/turn    (no ring)
MPRegen 0.11/turn

%: reflection, acrobat
@: very slightly contaminated
A: beak, talons 3, acrobatic
a: no special abilities


You were on level 3 of the Dungeon.
You visited 1 branch of the dungeon, and saw 3 of its levels.

You collected 64 gold pieces.

Inventory:

Hand Weapons
 e - a +0 short sword
 i - a +3 mace (weapon)
Armour
 a - a +0 robe (worn)
 h - a +0 kite shield
Jewellery
 c - a +6 ring of dexterity (left hand)
 g - an amulet of reflection (around neck)
 p - an amulet of faith
Scrolls
 f - a scroll of enchant armour {unknown}
 k - 2 scrolls of revelation {unknown}
 m - a scroll of blinking {unknown}
 n - 2 scrolls of identify {unknown}
 o - a scroll of immolation {unknown}
 q - a scroll of amnesia {unknown}
Potions
 b - 2 potions of magic
 d - 2 potions of enlightenment {unknown}
 j - 3 potions of heal wounds {unknown}
 l - a potion of degeneration {unknown}


   Skills:
 + Level 3.0 Dodging
 + Level 2.8 Stealth
 + Level 2.5 Spellcasting
 + Level 2.7 Conjurations
 + Level 4.7 Air Magic


You had 7 spell levels left.
You knew the following spells:

 Your Spells              Type           Power      Damage    Failure   Level
a - Shock                 Conj/Air       60%        1d6       3%          1

Your spell library contained the following spells:

 Spells                   Type           Power      Damage    Failure   Level
 Static Discharge         Conj/Air       30%        3-5/arc   5%          2
 Swiftness                Air            19%        N/A       8%          3
 Sting                    Conj/Alch      28%        1d4       10%         1
 Apportation              Tloc           4%         N/A       17%         1
 Necrotise                Necr           8%         1d4       17%         1
 Summon Small Mammal      Summ           8%         N/A       17%         1
 Airstrike                Air            9%         2d(2-18)  24%         4


Dungeon Overview and Level Annotations

Branches:
Dungeon (3/15)

Altars:


Innate Abilities, Weirdness & Mutations

You have a beak for a mouth.
You have claws for feet.
You can magically evade attacks while moving or waiting.


Message History

Aim: an iguana (lightly wounded, 75% to hit)
The zap hits the iguana.
The iguana is heavily wounded.
Casting: Shock (safe; 3% risk of failure)
Confirm with . or Enter, or press ? or * to list all spells.
Aiming: Shock (safe; 3% risk of failure)
Press: ? - help, Shift-Dir - straight line, f/p - iguana
Aim: an iguana (heavily wounded, 75% to hit)
The zap hits the iguana.
The iguana is severely wounded.
The iguana bites you!
Casting: Shock (safe; 3% risk of failure)
Confirm with . or Enter, or press ? or * to list all spells.
Aiming: Shock (safe; 3% risk of failure)
Press: ? - help, Shift-Dir - straight line, f/p - iguana
Aim: an iguana (severely wounded, 75% to hit)
The zap hits the iguana.
The iguana is severely wounded.
A kobold comes into view. It is wielding a +0 dagger.
The iguana closely misses you.
Casting: Shock (safe; 3% risk of failure)
Confirm with . or Enter, or press ? or * to list all spells.
Aiming: Shock (safe; 3% risk of failure)
Press: ? - help, Shift-Dir - straight line, f/p - iguana
Aim: an iguana (severely wounded, 75% to hit)
The zap misses the iguana.
The iguana bites you!
Ouch! That really hurt!
* * * LOW HITPOINT WARNING * * *
You hit the iguana.
The iguana is almost dead.
The iguana barely misses you.
Casting: Shock (safe; 3% risk of failure)
Confirm with . or Enter, or press ? or * to list all spells.
Aiming: Shock (safe; 3% risk of failure)
Press: ? - help, Shift-Dir - straight line, f/p - iguana
Aim: an iguana (almost dead, 75% to hit)
You miscast Shock.
You are very lightly contaminated with residual magic.
Nothing appears to happen.
The iguana bites you!
You die...

#... ≈.##### #. #..
≈K...§. ... ... ≈≈.≈≈§§
.... #.. ....... #
####..#.#.# ...?...
..#.......#.# ...[...
#.#.##....#.####.......
#.#...........@l......#
###.#.......#.######.##.#
............#.#
.......#....#.##
###....#.#..#.~#
........^...#♣~♣####
......####.#~~~~~..#
......####.#♣~~~♣..#
...........♣♣~~~~...#


You could see an iguana.

Vanquished Creatures
  6 adders
  A dart slug (D:3)
  3 ball pythons
  5 endoplasms
  2 giant cockroaches (D:2)
  5 goblins
  2 hobgoblins (D:1)
  2 jackals (D:1)
  5 bats
  3 frilled lizards
  2 kobolds (D:1)
36 creatures vanquished.

Notes
Turn   | Place    | Note
-------+----------+-------------------------------------------
     0 | D:1      | PaiMei the Tengu Air Elementalist began the quest for the
                  | Orb.
     0 | D:1      | Reached XP level 1. HP: 10/10 MP: 4/4
   392 | D:1      | Reached XP level 2. HP: 15/15 MP: 3/6
   975 | D:1      | You fall into a shaft and drop 1 floor!
  1066 | D:2      | Reached XP level 3. HP: 14/19 MP: 0/7
  1324 | D:2      | Reached XP level 4. HP: 24/24 MP: 0/8
  1902 | D:3      | Slain by an iguana

Illustrated notes

Levels and vault maps discovered:
D:1:      dreamdust_arrival_sigmund_warning, layout_loops_ring
D:2:      layout_rooms
D:3:      layout_basic, mainiacjoe_overflow_brackets, minmay_misc_feat_tiny,
          minmay_statues_item, serial_bayou_pond_b, chequers_avenue,
          serial_bayou_ford_a, minmay_starry_boxes

Skill      XL: |  1  2  3  4 |
---------------+-------------+-----
Conjurations   | 2 |  2.7
Dodging        | 3 |  3.0
Stealth        | |  2.8
Spellcasting   | |  2.5
Air Magic      | |  4.7

Action                     |  1- 3 |  4- 6 || total
---------------------------+-------+-------++-------
  Melee: Short sword       |     2 |       ||     2
         Kick              |     4 |     1 ||     5
         Mace              |    11 |     3 ||    14
         Peck              |     1 |       ||     1
   Cast: Shock             |    53 |    27 ||    80
   Stab: Sleeping          |     1 |       ||     1
 Armour: Robe              |     8 |     3 ||    11
  Dodge: Dodged            |    15 |     3 ||    18
